 Dungeon Crawl Stone Soup version 0.27-a0-695-gb4952372f7 (webtiles) character file.

Game seed: 10173159249883709179

21460 jasper the Grappler (level 12, -5/115 HPs)
             Began as a Troll Delver on Mar 21, 2021.
             Was a High Priest of Cheibriados.
             Slain by a 12-headed hydra (12 damage)
             ... on level 12 of the Dungeon.
             The game lasted 00:22:14 (11780 turns).

jasper the Grappler (Troll Delver)                 Turns: 11780, Time: 00:22:15

Health: -5/115     AC:  8    Str: 37    XL:     12   Next: 54%
Magic:  0/19       EV: 14    Int: 23    God:    Cheibriados [*****.]
Gold:   244        SH: 13    Dex: 26    Spells: 6/11 levels left

rFire    . . .     SeeInvis +     - Unarmed
rCold    + + +     Faith    .   E - +0 kite shield
rNeg     . . .     Spirit   +   s - +4 skin of Zhor {Englaciate rC+++ SInv}
rPois    .         Reflect  .   H - +0 hat
rElec    .         Harm     .   (no cloak)
rCorr    .         Rampage  .   (gloves unavailable)
Will     .....                  (boots unavailable)
Stlth    +++.......             j - amulet of guardian spirit
HPRegen  1.29/turn              A - ring of see invisible
MPRegen  0.16/turn              (no ring)

@: mighty, very slow
A: large, unfitting armour, claws 3, regeneration 1, shaggy fur 1, tough skin 1
a: Renounce Religion, Bend Time, Temporal Distortion, Slouch, Step From Time


You were on level 12 of the Dungeon.
You worshipped Cheibriados.
Cheibriados was extremely pleased with you.
You visited 2 branches of the dungeon, and saw 13 of its levels.

You collected 564 gold pieces.
You spent 320 gold pieces at shops.

Inventory:

Hand Weapons
 B - a +0 giant spiked club
 I - a +0 giant club
Missiles
 l - 301 stones (quivered)
 m - 45 poisoned darts
 y - 10 boomerangs
 F - 5 large rocks
 G - 2 throwing nets
Armour
 a - a +1 robe
 s - the +4 skin of Zhor (worn) {Englaciate rC+++ SInv}
   (You found it on level 5 of the Dungeon)

   It renders you almost immune to cold.
   It lets you see invisible.
 D - +0 acid dragon scales
 E - a +0 kite shield (worn)
 H - a +0 hat (worn)
Jewellery
 j - an amulet of guardian spirit (around neck)
 A - a ring of see invisible (right claw)
 C - a ring of wizardry
Wands
 f - a wand of digging (8)
 r - a wand of charming (12)
 u - a wand of iceblast (16)
 v - a wand of acid (15)
 w - a wand of flame (15)
Scrolls
 b - 2 scrolls of fog
 d - a scroll of fear
 k - 2 scrolls of random uselessness
 o - a scroll of vulnerability
 q - a scroll of amnesia
 t - 2 scrolls of teleportation
 x - a scroll of enchant weapon
Potions
 e - 2 potions of haste
 g - 2 potions of flight
 h - a potion of might
 i - 3 potions of attraction
 n - 3 potions of curing
 p - 2 potions of magic
 z - 3 potions of brilliance {unknown}


   Skills:
 - Level 6.6 Fighting
 - Level 1.0 Armour
 - Level 6.3 Dodging
 - Level 2.7 Stealth
 + Level 5.6 Shields
 - Level 11.6 Unarmed Combat
 - Level 2.5 Translocations
 - Level 11.0 Invocations


You had 6 spell levels left.
You knew the following spells:

 Your Spells              Type           Power      Damage    Failure   Level
a - Blink                 Tloc           N/A        N/A       17%         2
b - Mephitic Cloud        Conj/Pois/Air  0%         N/A       67%         3

Your spell library contained the following spells:

 Spells                   Type           Power      Damage    Failure   Level
 Magic Dart               Conj           0%         1d3       32%         1
 Call Imp                 Summ           0%         N/A       43%         2
 Slow                     Hex            0%         N/A       43%         2
 Conjure Flame            Conj/Fire      0%         6-21      67%         3


Dungeon Overview and Level Annotations

Branches:
Dungeon (12/15)            Temple (1/1) D:4            Lair (0/6) D:9
    Orc (0/2) D:11

Altars:
Ashenzari
Cheibriados
Dithmenos
Elyvilon
Gozag
Hepliaklqana
Kikubaaqudgha
Makhleb
Nemelex Xobeh
Okawaru
Qazlal
Ru
Sif Muna
Trog
Uskayaw
Vehumet
Wu Jian
Xom
Yredelemnul
Zin
The Shining One
Beogh

Shops:
D:2 !   D:3 :

Portals:
Trove: D:10 (give +4 ice dragon scales)
Bailey: D:12

Annotations:
D:4 2 runed translucent doors, rednaxela's ghost, novice PaGl
D:8 2 transporters


Innate Abilities, Weirdness & Mutations

You are too large for most types of armour.
You have claws for hands.
Your natural rate of healing is unusually fast.
You are covered in fur. (AC +1)
You have tough skin. (AC +1)


Message History

The eight-headed hydra is lightly wounded.
You rip one of the eight-headed hydra's heads off!
The seven-headed hydra grows two more!
You mangle the nine-headed hydra!!
The nine-headed hydra is moderately wounded.
The nine-headed hydra bites you!
The nine-headed hydra bites you but does no damage.
The nine-headed hydra bites you.
You block the nine-headed hydra's attack.
The nine-headed hydra bites you but does no damage.
The nine-headed hydra misses you.
The nine-headed hydra barely misses you.
The nine-headed hydra closely misses you.
The nine-headed hydra bites you!
You take 17 damage, and have 70/115 hp.
You now have 13/19 mp.
You claw one of the nine-headed hydra's heads off!
The eight-headed hydra grows two more!
You mangle the ten-headed hydra!!
The ten-headed hydra is moderately wounded.
You claw one of the ten-headed hydra's heads off!
The nine-headed hydra grows two more!
You claw the 11-headed hydra!
The 11-headed hydra is heavily wounded.
The 11-headed hydra bites you! x4; The 11-headed hydra bites you. x2
* * * LOW HITPOINT WARNING * * *
The 11-headed hydra bites you.
* * * LOW HITPOINT WARNING * * *
The 11-headed hydra bites you.
* * * LOW HITPOINT WARNING * * *
You block the 11-headed hydra's attack. x2
The 11-headed hydra completely misses you.
You take 50 damage, and have 21/115 hp.
MASSIVE DAMAGE!!
You now have 5/19 mp.
You tear one of the 11-headed hydra's heads off!
The ten-headed hydra grows two more!
You eviscerate the 12-headed hydra!!!
The 12-headed hydra is severely wounded.
You block the 12-headed hydra's attack. The 12-headed hydra bites you!
* * * LOW HITPOINT WARNING * * *
The 12-headed hydra bites you but does no damage.
The 12-headed hydra misses you. The 12-headed hydra bites you!
* * * LOW HITPOINT WARNING * * *
The 12-headed hydra bites you but does no damage.
You block the 12-headed hydra's attack. The 12-headed hydra bites you!
You die...

*,,******,,***
#......8.....#
#...8.....8..#
#............#
#............#
#.8.Y..∩....8#
#............#
#.....D......#
#...8..@..8..#
#......8.....# ####
#............#
...#######.........####
##...........>......#
...########.........#
#### #.........#
*******###########
****,,,,,,,,,,,,,,,,*


You could see a 12-headed hydra (slow) and an ice beast.

Vanquished Creatures
  Gastronok (D:11)
  A boulder beetle (D:12)
  3 two-headed ogres
  An unseen horror (D:11)
  Pikel (D:5)
  2 ugly things (D:11)
  A manticore (D:11)
  2 gargoyles
  3 kobold demonologists (D:12)
  4 trolls
  Prince Ribbit (D:7)
  A hornet (D:12)
  2 shadows (D:11)
  A wyvern (D:12)
  A vampire (D:11)
  3 wargs (D:9)
  An acid dragon (D:11)
  A water moccasin (D:8)
  A hornet zombie (D:7)
  8 orc warriors
  7 ogres
  3 ice beasts
  2 sky beasts (D:10)
  7 centaurs
  3 phantoms
  2 lemures (D:5)
  4 kobold brigands
  3 bullfrogs
  5 gnoll sergeants
  2 scorpions
  12 killer bees
  6 wights
  2 howler monkeys (D:7)
  2 centaur zombies (D:7)
  2 bullfrog skeletons
  9 hounds
  6 jellies
  3 bullfrog zombies
  6 orc priests
  5 centaur skeletons
  5 iguanas
  15 orc wizards
  8 worker ants
  4 hound skeletons
  A worker ant zombie (D:7)
  15 gnolls
  7 adders
  2 white imps
  3 ufetubi
  An adder skeleton (D:8)
  3 worms
  2 dart slugs
  A leopard gecko (D:1)
  42 orcs
  7 giant cockroaches
  9 goblins
  3 hobgoblins
  10 jackals
  7 quokkas
  8 bats
  2 frilled lizards
  A jackal skeleton (D:8)
  18 kobolds
  2 leopard gecko skeletons
  A quokka skeleton (D:5)
  11 rats
318 creatures vanquished.

Vanquished Creatures (others)
  3 plants (D:3)
3 creatures vanquished.

Grand Total: 321 creatures vanquished

Notes
Turn   | Place    | Note
-------+----------+-------------------------------------------
     0 | D:5      | jasper the Troll Delver began the quest for the Orb.
     0 | D:5      | Reached XP level 1. HP: 22/22 MP: 0/0
    42 | D:5      | Found an ancient bone altar of Kikubaaqudgha.
   159 | D:3      | Reached XP level 2. HP: 18/29 MP: 1/1
   482 | D:3      | Found Fiemergh's Book Emporium.
   498 | D:3      | Reached XP level 3. HP: 36/36 MP: 2/2
   554 | D:3      | Reached skill level 1 in Armour
   625 | D:3      | Found a glowing golden altar of the Shining One.
  1033 | D:1      | Reached XP level 4. HP: 44/44 MP: 3/3
  1400 | D:2      | Found Lahysueq's Distillery.
  1413 | D:2      | Bought a potion of might for 40 gold pieces
  2430 | D:4      | Reached XP level 5. HP: 48/53 MP: 4/4
  2715 | D:4      | Noticed a phantom
  2737 | D:4      | Killed a phantom
  2889 | D:4      | Reached XP level 6. HP: 57/61 MP: 3/5
  2928 | D:4      | Found a large runed translucent door.
  2928 | D:4      | Found a large runed translucent door.
  3126 | D:4      | Found a staircase to the Ecumenical Temple.
  3380 | D:4      | Noticed rednaxela's ghost (novice PaGl)
  3429 | Temple   | Entered the Ecumenical Temple
  3527 | Temple   | Became a worshipper of Cheibriados the Contemplative
  3621 | D:5      | Found an opulent altar of Gozag.
  3876 | D:5      | Found the +4 skin of Zhor {Englaciate rC+++ SInv}
  3885 | D:5      | Reached skill level 5 in Unarmed Combat
  3965 | D:5      | Reached skill level 1 in Invocations
  4166 | D:5      | Noticed Pikel
  4170 | D:5      | Reached XP level 7. HP: 68/68 MP: 6/6
  4207 | D:5      | Killed Pikel
  4208 | D:5      | Reached XP level 8. HP: 64/78 MP: 5/8
  4950 | D:6      | Reached * piety under Cheibriados
  5449 | D:6      | Noticed a two-headed ogre
  5456 | D:6      | Killed a two-headed ogre
  5457 | D:6      | Reached skill level 5 in Fighting
  5457 | D:6      | Reached XP level 9. HP: 48/88 MP: 4/10
  6074 | D:7      | Found a sacrificial altar of Ru.
  6130 | D:7      | Reached skill level 5 in Dodging
  6199 | D:7      | Found a stormy altar of Qazlal.
  6438 | D:7      | Reached ** piety under Cheibriados
  6581 | D:7      | Noticed Prince Ribbit
  6592 | D:7      | Killed Prince Ribbit
  6749 | D:7      | Noticed a moth of wrath
  6752 | D:7      | Found a bloodstained altar of Trog.
  7206 | D:8      | Found a transporter.
  7214 | D:8      | Noticed a troll
  7214 | D:8      | Identified the ring "Vifin" {Wiz rC+ Str+2 Int+4}
  7216 | D:8      | Found a transporter.
  7277 | D:8      | Reached skill level 5 in Invocations
  7282 | D:8      | Reached *** piety under Cheibriados
  7618 | D:8      | Reached XP level 10. HP: 98/98 MP: 12/12
  8522 | D:9      | Found a staircase to the Lair.
  8583 | D:9      | Reached **** piety under Cheibriados
  8584 | D:9      | Reached skill level 10 in Unarmed Combat
  8895 | D:9      | Reached skill level 10 in Invocations
  8895 | D:9      | Reached XP level 11. HP: 105/105 MP: 13/17
  9319 | D:10     | Entered Level 10 of the Dungeon
  9967 | D:10     | Reached ***** piety under Cheibriados
 10137 | D:10     | Found a portal to a secret trove of treasure.
 10463 | D:3      | Bought a book of Minor Magic for 280 gold pieces
 10466 | D:3      | Learned a level 2 spell: Blink
 10470 | D:3      | Learned a level 3 spell: Mephitic Cloud
 10700 | D:11     | Noticed a two-headed ogre
 10706 | D:11     | Killed a two-headed ogre
 10707 | D:11     | Reached skill level 1 in Translocations
 10707 | D:11     | Noticed a red ugly thing
 10707 | D:11     | Noticed a red ugly thing
 10713 | D:11     | Killed a red ugly thing
 10716 | D:11     | Killed a red ugly thing
 10849 | D:11     | Noticed an unseen horror
 10862 | D:11     | Killed an unseen horror
 10863 | D:11     | Reached XP level 12. HP: 115/115 MP: 17/19
 11016 | D:11     | Found a staircase to the Orcish Mines.
 11226 | D:11     | Noticed a two-headed ogre
 11237 | D:11     | Killed a two-headed ogre
 11460 | D:11     | Noticed Gastronok
 11491 | D:11     | Killed Gastronok
 11672 | D:12     | Noticed a boulder beetle
 11700 | D:12     | Killed a boulder beetle
 11715 | D:12     | Reached skill level 5 in Shields
 11767 | D:12     | Found a flagged portal.
 11772 | D:12     | Noticed a seven-headed hydra
 11780 | D:12     | Slain by a 12-headed hydra

Illustrated notes

Levels and vault maps discovered:
D:1:      dpeg_arrival_windows_large_door, layout_loops_ring
D:2:      layout_rooms, serial_shops, nicolae_shop_stone
D:3:      wad_lake_hut, layout_basic, marbit_many_paths, serial_shops,
          nicolae_shop_temple_entry_statues_fountains
D:4:      layout_cave_pods, minmay_temple_entry_nine_rooms,
          ebering_ghost_disaster_area
D:5:      layout_cave_pools, nicolae_overflow_crystal_walls,
          overflow_temple_1_default, kennysheep_another_room,
          minmay_misc_feat_more_columns, uniq_pikel
D:6:      layout_layer_cave
D:7:      layout_loops_ring, overflow_temple_1_default, tgw_trog,
          hangedman_ru_absence, uniq_prince_ribbit1
D:8:      gammafunk_beogh_shrine, layout_layer_cave, grunt_ministairs_14
D:9:      layout_roguey, erik_lair_orcish_takeover, serial_corexii_hall,
          corexii_hall_statues_u, corexii_hall_statues_l, corexii_hall_statues_i
D:10:     layout_basic, nicolae_trove_entry_free_sample
D:11:     layout_cave_pools, kennysheep_orc_monster_closet_entryway,
          ebering_dispersal_statue_hall, minmay_tree_intersection,
          uniq_gastronok
D:12:     layout_rooms, enter_bailey_6, minmay_curled_crystal,
          minmay_misc_feat_plants, kennysheep_dice
Temple:   lightli_temple_of_artemis

Skill      XL: |  1  2  3  4  5  6  7  8  9 10 11 12 |
---------------+-------------------------------------+-----
Dodging        | 2 3 4 5 6 |  6.3
Armour         | 1 |  1.0
Unarmed Combat | 3 4 5 6 7 9 10 11 | 11.6
Fighting       | 3 4 5 6 |  6.6
Invocations    | 1 2 3 5 10 11 | 11.0
Translocations | 2 |  2.5
Shields        | 5 |  5.6
Stealth        | |  2.7

Action                   |  1- 3 |  4- 6 |  7- 9 | 10-12 || total
-------------------------+-------+-------+-------+-------++-------
Melee: Unarmed           |    81 |   159 |   250 |   349 ||   839
       Punch             |       |     3 |    10 |    26 ||    39
Throw: Stone             |    17 |    87 |   118 |   122 ||   344
       Large rock        |       |       |       |     2 ||     2
       Throwing net      |       |       |       |     1 ||     1
Evoke: Wand              |       |       |     8 |    19 ||    27
  Use: Scroll            |     5 |     3 |     4 |     4 ||    16
       Potion            |       |       |       |     5 ||     5
 Stab: Sleeping          |     2 |     3 |     2 |     2 ||     9
       Held in net/web   |       |       |       |     2 ||     2
Armor: Robe              |    30 |    41 |       |       ||    71
       Animal skin       |       |     1 |    61 |    67 ||   129
Dodge: Dodged            |    38 |    68 |   102 |   183 ||   391
Block: Kite shield       |       |       |       |    32 ||    32

Table legend: (Time is in decaauts)
 A = Elapsed time spent in this place.
 B = Non-inter-level travel time spent in this place.
 C = Inter-level travel time spent in this place.
 D = Time resting spent in this place.
 E = Time spent auto-exploring this place.
 F = Levels seen in this place.
 G = Mean time per level.
                   A        B        C        D        E       F      G
               +--------+--------+--------+--------+--------+-----+--------+
         Total |  15233 |  14092 |   1141 |    728 |  10556 |  13 | 1171.8 |
       Dungeon |  15116 |  13991 |   1125 |    728 |  10466 |  12 | 1259.7 |
        Temple |    116 |    100 |     16 |      0 |     90 |   1 |  116.0 |
               +--------+--------+--------+--------+--------+-----+--------+

Top non-repeatable levels by time:
     D:8: 2453 daAuts
     D:6: 1858 daAuts
    D:10: 1831 daAuts
    D:11: 1375 daAuts
     D:9: 1309 daAuts
     D:7: 1304 daAuts
     D:4: 1243 daAuts
     D:3: 1161 daAuts
     D:5: 1112 daAuts
     D:1: 707 daAuts
     D:2: 585 daAuts
    D:12: 173 daAuts
  Temple: 116 daAuts
